 Dungeon Crawl Stone Soup version 0.27-a0-95-g5a9077b8ae (webtiles) character file.

Game seed: 6335604470220500319

149 knot the Chopper (level 5, 35/41 HPs)
             Began as a Demonspawn Berserker on Jan 19, 2021.
             Was a Believer of Trog.
             Quit the game on level 4 of the Dungeon.
             The game lasted 00:03:30 (3337 turns).

knot the Chopper (Demonspawn Berserker)             Turns: 3337, Time: 00:03:30

Health: 35/41      AC: 11    Str: 18    XL:     5   Next: 9%
Magic:  5/5        EV: 11    Int: 15    God:    Trog [**....]
Gold:   157        SH:  0    Dex: 12    Spells: 4/4 levels left

rFire    . . .     SeeInvis .   a - +0 hand axe
rCold    . . .     Faith    .   (no shield)
rNeg     . . .     Spirit   .   f - +1 ring mail
rPois    .         Reflect  .   (no helmet)
rElec    .         Harm     .   (no cloak)
rCorr    .         Rampage  .   (no gloves)
Will     .....     Rnd*Tele +   q - +2 pair of boots
Stlth    +.........             (no amulet)
HPRegen  0.13/turn              k - +6 ring of intelligence
MPRegen  0.09/turn              r - ring of teleportation (curse)

@: no status effects
A: iridescent scales 1, powered by death 2
a: Renounce Religion, Berserk, Trog's Hand


You were on level 4 of the Dungeon.
You worshipped Trog.
Trog was pleased with you.
You visited 1 branch of the dungeon, and saw 4 of its levels.

You collected 157 gold pieces.

Inventory:

Hand Weapons
 a - a +0 hand axe (weapon)
Missiles
 d - 174 stones
 h - 8 curare-tipped darts
 l - 7 boomerangs
 m - 44 sling bullets
 s - 14 poisoned darts
Armour
 f - a +1 ring mail (worn)
 q - a +2 pair of boots (worn)
Jewellery
 k - a +6 ring of intelligence (left hand)
 o - an uncursed ring of ice
 r - a cursed ring of teleportation (right hand)
Wands
 t - a wand of iceblast (4)
 v - a wand of flame (7)
Scrolls
 b - 3 scrolls of magic mapping
 g - 3 scrolls of identify
 j - a scroll of fog
 p - 2 scrolls of blinking
 u - a scroll of teleportation
Potions
 c - 4 potions of brilliance {unknown}
 e - a potion of curing {unknown}
 i - a potion of cancellation {unknown}
 n - a potion of degeneration {unknown}


   Skills:
 - Level 3.0 Fighting
 + Level 5.3 Axes
 - Level 1.7 Armour
 - Level 1.7 Dodging


You had 4 spell levels left.
You didn't know any spells.
Your spell library was empty.

Dungeon Overview and Level Annotations

Branches:
Dungeon (4/15)
 Temple: D:4-7

Altars:
Elyvilon
Kikubaaqudgha
Ru
Vehumet
Wu Jian


Innate Abilities, Weirdness & Mutations

You are partially covered in iridescent scales. (AC +2)
You regenerate health from kills.


Message History

You slash the centaur zombie!
The centaur zombie is heavily damaged.
The centaur zombie hits you but does no damage.
You hit the centaur zombie.
The centaur zombie is heavily damaged.
The centaur zombie hits you but does no damage.
The centaur zombie hits you.
You hit the centaur zombie.
The centaur zombie is severely damaged.
The centaur zombie completely misses you.
You hit the centaur zombie.
The centaur zombie is almost destroyed.
The centaur zombie hits you but does no damage.
You hit the centaur zombie.
You destroy the centaur zombie!
Trog accepts your kill.
You have reached level 5!
Your demonic ancestry asserts itself...
Iridescent scales grow over part of your body.
Are you sure you want to abandon this character and quit the game? (Confirm with "yes".)

#...#.....# #..###.####
#......# ##.#########
#..........
###....#.##.#
#>.......##.# #
#####...........##.###..
.............##.@.....?.
.######....#.##.##.##...
.####################
....................#
.#...#...#...#...#..#
..................._#
##...#...#...#...#..#
#.......^...........#
#####################


There were no monsters in sight!

Vanquished Creatures
  A centaur zombie (D:4)
  A bullfrog skeleton (D:4)
  4 adders
  A worm (D:2)
  A dart slug (D:2)
  4 leopard geckos
  A bat zombie (D:2)
  2 giant cockroaches (D:1)
  5 goblins
  2 hobgoblins (D:3)
  2 quokkas
  12 bats
  5 frilled lizards
  9 kobolds
  3 rats
  2 rat zombies (D:2)
55 creatures vanquished.

Vanquished Creatures (others)
  79 plants (D:1)
79 creatures vanquished.

Grand Total: 134 creatures vanquished

Notes
Turn   | Place    | Note
-------+----------+-------------------------------------------
     0 | D:1      | knot the Demonspawn Berserker began the quest for the Orb.
     0 | D:1      | Reached XP level 1. HP: 18/18 MP: 1/1
    79 | D:1      | Reached skill level 3 in Axes
   387 | D:1      | Gained mutation: You regenerate a little health from kills.
                  | [demonic ancestry]
   387 | D:1      | Reached XP level 2. HP: 23/24 MP: 2/2
   996 | D:2      | Gained mutation: You regenerate health from kills. [demonic
                  | ancestry]
   996 | D:2      | Reached XP level 3. HP: 29/29 MP: 3/3
  1159 | D:2      | Found a white marble altar of Elyvilon.
  1176 | D:2      | Reached ** piety under Trog
  1177 | D:2      | Reached skill level 4 in Axes
  1300 | D:2      | Found a faded altar of an unknown god.
  1354 | D:2      | Found a radiant altar of Vehumet.
  1823 | D:2      | Found an ancient bone altar of Kikubaaqudgha.
  1889 | D:2      | Reached XP level 4. HP: 35/35 MP: 4/4
  2773 | D:3      | Found a sacrificial altar of Ru.
  3224 | D:4      | Reached skill level 5 in Axes
  3298 | D:4      | Found an ornate altar of the Wu Jian Council.
  3337 | D:4      | Gained mutation: You are partially covered in iridescent
                  | scales. (AC +2) [demonic ancestry]
  3337 | D:4      | Reached XP level 5. HP: 35/41 MP: 5/5
  3337 | D:4      | Quit the game

Illustrated notes

Levels and vault maps discovered:
D:1:      roderic_crop_circles_arrival_small, layout_rooms
D:2:      layout_loops_ring, lemuel_zombie_altar_kikubaaqudgha,
          vehumet_crystals, lemuel_doored_altar, chequers_ecumenical_altar_grove
D:3:      layout_basic, hangedman_ru_absence
D:4:      layout_loops_cross, lemuel_coloured_pillars_altar,
          minmay_temple_entry_statues_fountains, serial_shops,
          nicolae_shop_crystal, uniq_ijyb

Skill      XL: |  1  2  3  4 |
---------------+-------------+-----
Axes           | 3 4 5 |  5.3
Fighting       | |  3.0
Armour         | |  1.7
Dodging        | |  1.7

Action                   |  1- 3 |  4- 6 || total
-------------------------+-------+-------++-------
Melee: Hand axe          |   133 |    61 ||   194
Invok: Berserk           |     3 |       ||     3
  Use: Scroll            |       |     6 ||     6
Armor: Animal skin       |    11 |       ||    11
       Ring mail         |    47 |    31 ||    78
Dodge: Dodged            |   121 |    29 ||   150

Table legend: (Time is in decaauts)
 A = Elapsed time spent in this place.
 B = Non-inter-level travel time spent in this place.
 C = Inter-level travel time spent in this place.
 D = Time resting spent in this place.
 E = Time spent auto-exploring this place.
 F = Levels seen in this place.
 G = Mean time per level.
                   A        B        C        D        E       F      G
               +--------+--------+--------+--------+--------+-----+--------+
         Total |   3390 |   3298 |     92 |    809 |   2021 |   4 |  847.5 |
       Dungeon |   3390 |   3298 |     92 |    809 |   2021 |   4 |  847.5 |
               +--------+--------+--------+--------+--------+-----+--------+

Top non-repeatable levels by time:
     D:1: 1171 daAuts
     D:3: 1113 daAuts
     D:2: 974 daAuts
     D:4: 131 daAuts
